 Dungeon Crawl Stone Soup version 0.19.1 (webtiles) character file.

70 Melicamp the Stinger (level 4, -1/36 HPs)
             Began as a Naga Venom Mage on Nov 26, 2016.
             Slain by a river rat (6 damage)
             ... on level 3 of the Dungeon.
             The game lasted 00:11:36 (2285 turns).

Melicamp the Stinger (Naga Venom Mage)              Turns: 2285, Time: 00:11:36

Health: -1/36      AC:  6    Str: 10    XL:     4   Next: 21%
Magic:  8/8        EV:  6    Int: 15    God:
Gold:   139        SH:  0    Dex: 13    Spells: 1 memorised, 7 levels left

rFire  + + .     SeeInvis +     i - +0 dagger
rCold  x . .     Gourm    .     o - +0 fire dragon scales (curse)
rNeg   . . .     Faith    .     (no shield)
rPois  +         Spirit   .     (no helmet)
rElec  .         Reflect  .     (no cloak)
rCorr  .         Harm     .     h - +0 pair of gloves
MR     .....                    (no barding)
Stlth  +.........               (no amulet)
                                (no ring)
                                (no ring)

@: very slow
A: see invisible, deformed body, poison resistance, slowness 2, slow metabolism
1, spit poison 1, AC +1
a: Spit Poison


You were on level 3 of the Dungeon.
You were not hungry.

You visited 1 branch of the dungeon, and saw 3 of its levels.

You collected 139 gold pieces.

Inventory:

Hand Weapons
 i - a +0 dagger (weapon)
 n - a cursed +0 spear
Armour
 a - a +0 robe
 h - a +0 pair of gloves (worn)
 o - cursed +0 fire dragon scales (worn)
Scrolls
 f - a scroll of amnesia
Potions
 d - 2 potions of flight
 e - a potion of resistance
 g - 3 potions of haste
 j - a potion of cancellation {unknown}
 k - a potion of curing {unknown}
 l - a potion of degeneration {unknown}
Books
 b - a Young Poisoner's Handbook

   Spells                             Type                      Level
   a - Sting                          Conjuration/Poison           1
   b - Mephitic Cloud                 Conjuration/Poison/Air       3
   c - Olgreb's Toxic Radiance        Poison                       4
   d - Alistair's Intoxication        Transmutation/Poison         5
   e - Venom Bolt                     Conjuration/Poison           5
Comestibles
 c - 2 bread rations
 m - a slice of pizza


   Skills:
 - Level 1.5 Dodging
 - Level 3.0 Stealth
 + Level 2.7 Spellcasting
 * Level 6.8 Poison Magic


You had 7 spell levels left.
You knew the following spells:

 Your Spells              Type           Power        Failure   Level  Hunger
a - Sting                 Conj/Pois      ##..         61%         1    #......


Dungeon Overview and Level Annotations

Branches:
Dungeon (3/15)

Altars:


Innate Abilities, Weirdness & Mutations

You cannot wear boots.
Your serpentine skin is tough. (AC +1)
You have supernaturally acute eyesight. (SInv)
Armour fits poorly on your strangely shaped body.
Your system is resistant to poisons. (rPois)
You cover ground very slowly.
You have a slow metabolism.
You can spit poison.


Message History

The river rat bites you. The rat barely misses you.
You hit the river rat but do no damage.
The river rat is severely wounded.
The river rat bites you.
* * * LOW HITPOINT WARNING * * *
The rat barely misses you.
You hit the river rat but do no damage.
The river rat is severely wounded.
The river rat bites you.
* * * LOW HITPOINT WARNING * * *
The rat closely misses you.
You closely miss the river rat.
The river rat is severely wounded.
The river rat bites you but does no damage.
The rat bites you.
* * * LOW HITPOINT WARNING * * *
Your fire dragon scales prevents you from hitting the river rat.
The river rat is severely wounded.
The river rat bites you.
You die...

... .. .. . .# #
###########.#.###
............<....
#......@r......
#......#r#####.
#......#r#
#.....##.#
##.#...##.#
#.......#..
..#.##...##
#..#....#≈≈
#.........
#..#...##≈≈
........##
#..##..#
........#


You could see a river rat and 2 rats.

Vanquished Creatures
  An adder (D:2)
  A river rat (D:3)
  An ooze (D:2)
  2 worms
  A leopard gecko (D:1)
  3 bats
  4 giant cockroaches
  4 goblins
  4 hobgoblins
  A jackal (D:2)
  A quokka (D:2)
  A ball python (D:2)
  5 frilled lizards
  7 kobolds
  6 rats
42 creatures vanquished.

Notes
Turn   | Place    | Note
-------+----------+-------------------------------------------
     0 | D:1      | Melicamp the Naga Venom Mage began the quest for the Orb.
     0 | D:1      | Reached XP level 1. HP: 15/15 MP: 3/3
   131 | D:1      | Reached XP level 2. HP: 22/22 MP: 0/5
   947 | D:1      | Reached skill level 6 in Poison Magic
  1119 | D:2      | Reached XP level 3. HP: 25/28 MP: 1/6
  1807 | D:2      | Reached XP level 4. HP: 24/36 MP: 0/8
  2285 | D:3      | Slain by a river rat

Skill      XL: |  1  2 |
---------------+-------+-----
Poison Magic   | 6 |  6.8
Dodging        | |  1.5
Stealth        | |  3.0
Spellcasting   | |  2.7

Action                   |  1- 3 |  4- 6 || total
-------------------------+-------+-------++-------
Melee: Unarmed           |     1 |       ||     1
       Dagger            |    18 |    40 ||    58
 Cast: Sting             |    73 |       ||    73
 Abil: Spit Poison       |    10 |     3 ||    13
  Use: Scroll            |     6 |     1 ||     7
  Eat: Chunk             |     3 |       ||     3
       Pizza             |       |     1 ||     1
Armor: Robe              |     9 |       ||     9
       Fire dragon scale |       |    16 ||    16
Dodge: Dodged            |    18 |    13 ||    31
